 Dungeon Crawl Stone Soup version 0.21-a0-349-g0c35859 (webtiles) character file.

12059 JackS81 the Protected (level 11, -1/132 HPs)
             Began as a Minotaur Berserker on Oct 7, 2017.
             Was a High Priest of Trog.
             Slain by a seven-headed hydra (8 damage)
             ... on level 11 of the Dungeon.
             The game lasted 00:46:21 (9195 turns).

JackS81 the Protected (Minotaur Berserker)          Turns: 9195, Time: 00:46:21

Health: -1/132     AC: 13    Str: 24    XL:     11   Next: 57%
Magic:  0/20       EV: 12    Int:  4    God:    Trog [*****.]
Gold:   299        SH:  0    Dex: 11    Spells: 10/10 levels left

rFire    + . .     SeeInvis .   j - +2 war axe (elec)
rCold    . . .     Gourm    .   (no shield)
rNeg     + + .     Faith    .   Q - +0 ring mail of Kefoil {rN++ rCorr Str-5 Stlth+}
rPois    .         Spirit   +   (helmet restricted)
rElec    .         Reflect  .   (no cloak)
rCorr    +         Harm     .   F - +2 pair of gloves
MR       ++...                  d - +0 pair of boots
Stlth    ..........             r - amulet of guardian spirit
HPRegen  1.32/turn              h - ring of magical power
MPRegen  0.17/turn              y - ring of protection from fire

@: berserking, regenerating, very quick
A: retaliatory headbutt, horns 2
a: Berserk, Trog's Hand, Brothers in Arms, Burn Spellbooks, Renounce Religion


You were on level 11 of the Dungeon.
You worshipped Trog.
Trog was extremely pleased with you.
You were very hungry.

You visited 2 branches of the dungeon, and saw 12 of its levels.

You collected 609 gold pieces.
You spent 310 gold pieces at shops.

Inventory:

Hand Weapons
 j - a +2 war axe of electrocution (weapon)
 C - a +2 hand axe
 H - a cursed -1 shortbow
Missiles
 f - 216 arrows
 N - 7 poisoned javelins (quivered)
Armour
 d - a +0 pair of boots (worn)
 m - a +2 robe of positive energy
 t - a +4 chain mail of poison resistance
 F - a +2 pair of gloves (worn)
 Q - the +0 ring mail of Kefoil (worn) {rN++ rCorr Str-5 Stlth+}
   (You took it off a kobold on level 10 of the Dungeon)

   It affects your strength (-5).
   It greatly protects you from negative energy.
   It protects you from acid and corrosion.
   It makes you more stealthy.
Jewellery
 b - an uncursed amulet of magic regeneration {unknown}
 h - a ring of magical power (left hand)
 r - an amulet of guardian spirit (around neck)
 y - a ring of protection from fire (right hand)
 z - an uncursed amulet of the gourmand
 D - a cursed -2 ring of intelligence {unknown}
Wands
 a - a wand of lightning (8/15)
 s - a wand of polymorph (13/24)
 E - a wand of flame (12/48)
 G - a wand of acid (4/15)
 K - a wand of enslavement (15/24)
 R - a wand of disintegration (12/24)
 S - a wand of acid (7/15)
 T - a wand of scattershot (1/9)
Scrolls
 i - 8 scrolls of remove curse
 k - a scroll of immolation
 p - 4 scrolls of identify
 u - 4 scrolls of teleportation {unknown}
 w - 2 scrolls of enchant weapon {unknown}
 x - a scroll of fear {unknown}
 A - a scroll of blinking {unknown}
 J - a scroll of random uselessness {unknown}
 M - a scroll of enchant armour {unknown}
Potions
 e - 9 potions of curing
 l - 4 potions of heal wounds
 n - 2 potions of lignification
 v - 2 potions of flight
 B - a potion of mutation {unknown}
 I - a potion of agility {unknown}
 L - a potion of ambrosia
 O - a potion of resistance {unknown}
Miscellaneous
 P - a phial of floods
Comestibles
 c - 4 bread rations
 g - 28 fruits
 o - 4 meat rations
 q - 3 royal jellies
 U - 2 chunks of flesh


   Skills:
 + Level 5.6 Fighting
 - Level 14.0 Axes
 * Level 3.1 Bows
 + Level 14.7 Armour
 * Level 3.9 Dodging
 * Level 2.6 Evocations


You had 10 spell levels left.
You didn't know any spells.

Dungeon Overview and Level Annotations

Branches:
Dungeon (11/15)            Temple (1/1) D:4            Lair (0/6) D:10
    Orc: D:9-12

Altars:
Ashenzari
Cheibriados
Dithmenos
Elyvilon
Fedhas
Gozag
Hepliaklqana
Kikubaaqudgha
Makhleb
Nemelex Xobeh
Okawaru
Qazlal
Ru
Sif Muna
Trog
Uskayaw
Vehumet
Wu Jian
Xom
Yredelemnul
Zin
The Shining One

Shops:
D:6 }   D:8 (   D:10 (

Portals:
Labyrinth: D:11


Innate Abilities, Weirdness & Mutations

You reflexively headbutt those who attack you in melee.
You have a pair of horns on your head.


Message History

Lightning courses through the seven-headed hydra!
The seven-headed hydra is heavily wounded.
You slash the scorpion!
You kill the scorpion!
Trog accepts your kill.
You barely miss the orc warrior. The seven-headed hydra bites you. x4
* * * LOW HITPOINT WARNING * * *
The seven-headed hydra bites you!
* * * LOW HITPOINT WARNING * * *
The seven-headed hydra bites you.
* * * LOW HITPOINT WARNING * * *
The seven-headed hydra bites you!
* * * LOW HITPOINT WARNING * * *
Unknown command.
You are too berserk!
You are too berserk!
The wraith hits you but does no damage. The seven-headed hydra bites you!
* * * LOW HITPOINT WARNING * * *
The seven-headed hydra bites you!
You die...

##...###
#..## ##.#
#.## ##.#
#O## #..#
##W# #@##
#oD# ##)##
#oo5#
#.Yo..#
#.o§.##...#
#..Y###
##..# #....
.... #.Y...
#.∩


You could see a seven-headed hydra, a wraith, an orc warrior, an ogre, a crimson
imp and 2 orcs.

Vanquished Creatures
  Erolcha (D:9)
  2 two-headed ogres
  An unseen horror (D:10)
  The ghost of Alinoe the Unseen, a novice SpEn of Dithmenos (D:9)
  Pikel (D:6)
  An ugly thing (D:11)
  A centaur zombie (D:10)
  A cyclops (D:8)
  Joseph (D:9)
  A hornet (D:9)
  A hippogriff (D:8)
  A wyvern (D:10)
  The ghost of skelma the Covert, an amateur GnAs (D:4)
  A steam dragon (D:11)
  Menkaure (D:6)
  Edmund (D:5)
  Purgy (D:4)
  A water moccasin (D:9)
  Duvessa (D:6)
  5 orc warriors
  A porcupine (D:10)
  5 sky beasts
  A phantom (D:8)
  A black bear (D:10)
  3 ice beasts
  A slave (D:6)
  5 ogres
  3 centaurs
  3 big kobolds
  8 bullfrogs
  Dowan (D:6)
  A wyvern skeleton (D:8)
  A water moccasin skeleton (D:6)
  3 scorpions
  11 killer bees
  8 wights
  7 howler monkeys
  3 crimson imps
  4 hounds
  3 bullfrog skeletons
  4 jellies
  5 orc priests
  2 centaur skeletons
  2 iguanas
  Terence (D:2)
  Jessica (D:3)
  7 orc wizards
  Ijyb (D:5)
  11 worker ants
  2 worker ant zombies
  Robin (D:4)
  A howler monkey skeleton (D:4)
  8 adders
  2 oozes
  2 adder zombies (D:6)
  An adder skeleton (D:4)
  2 worms (D:3)
  9 leopard geckos
  27 orcs
  7 bats
  6 giant cockroaches
  14 goblins
  13 hobgoblins
  10 jackals
  19 kobolds
  2 quokkas
  2 ball pythons
  3 frilled lizards
  A leopard gecko skeleton (D:4)
  A leopard gecko zombie (D:6)
  7 rats
  5 fungi (D:10)
277 creatures vanquished.

Vanquished Creatures (others)
  An adder (D:6)
  3 fungi (D:10)
  A plant (D:10)
5 creatures vanquished.

Grand Total: 282 creatures vanquished

Notes
Turn   | Place    | Note
-------+----------+-------------------------------------------
     0 | D:1      | JackS81 the Minotaur Berserker began the quest for the Orb.
     0 | D:1      | Reached XP level 1. HP: 19/19 MP: 0/0
   119 | D:1      | Reached XP level 2. HP: 23/26 MP: 1/1
   436 | D:1      | Reached skill level 5 in Axes
   548 | D:1      | Reached ** piety under Trog
   548 | D:1      | Reached XP level 3. HP: 29/31 MP: 2/2
   995 | D:2      | Found a white marble altar of Elyvilon.
  1005 | D:2      | Found a shattered altar of Ashenzari.
  1174 | D:2      | Noticed Terence
  1197 | D:2      | Killed Terence
  1197 | D:2      | Reached XP level 4. HP: 39/39 MP: 3/3
  1483 | D:3      | Noticed Jessica
  1491 | D:3      | Killed Jessica
  1636 | D:3      | Reached XP level 5. HP: 45/45 MP: 4/4
  2047 | D:4      | Reached XP level 6. HP: 44/51 MP: 5/5
  2108 | D:4      | Noticed Robin
  2113 | D:4      | Noticed skelma's ghost (amateur GnAs)
  2137 | D:4      | Killed skelma's ghost
  2217 | D:4      | Killed Robin
  2265 | D:4      | Noticed Purgy
  2276 | D:4      | Killed Purgy
  2276 | D:4      | Reached XP level 7. HP: 57/57 MP: 6/6
  2361 | D:4      | Reached *** piety under Trog
  2526 | D:4      | Found a staircase to the Ecumenical Temple.
  2552 | Temple   | Entered the Ecumenical Temple
  2777 | D:4      | You fall through a shaft for 2 floors!
  2799 | D:6      | Reached skill level 10 in Axes
  2814 | D:6      | Noticed Dowan
  2815 | D:6      | Noticed Duvessa
  2822 | D:6      | Found a sacrificial altar of Ru.
  2830 | D:6      | Killed Duvessa
  2830 | D:6      | Reached skill level 5 in Armour
  2833 | D:6      | Killed Dowan
  2841 | D:6      | Reached XP level 8. HP: 64/64 MP: 7/7
  2944 | D:6      | Found Inim's Quality Used Wands.
  2958 | D:6      | Noticed Menkaure
  2970 | D:6      | Killed Menkaure
  3089 | D:6      | Found a hide-covered altar of Uskayaw.
  3110 | D:6      | Noticed Pikel
  3128 | D:6      | Killed Pikel
  3988 | D:7      | Reached XP level 9. HP: 29/70 MP: 6/8
  4931 | D:8      | Reached **** piety under Trog
  4939 | D:8      | Noticed a two-headed ogre
  4948 | D:8      | Noticed a cyclops
  4955 | D:8      | Killed a two-headed ogre
  4955 | D:8      | Reached skill level 10 in Armour
  4962 | D:8      | Killed a cyclops
  5184 | D:8      | Found Coafiopp's Antique Weapon Emporium.
  5390 | D:8      | Reached XP level 10. HP: 77/77 MP: 9/9
  5966 | D:8      | Found a hazy altar of Hepliaklqana.
  6232 | D:9      | Noticed Alinoe's ghost (novice SpEn)
  6260 | D:9      | Killed Alinoe's ghost
  6357 | D:9      | Noticed Erolcha
  6370 | D:9      | Killed Erolcha
  6425 | D:9      | Noticed Joseph
  6451 | D:9      | Killed Joseph
  6533 | D:9      | Found a glowing golden altar of the Shining One.
  6838 | D:10     | Entered Level 10 of the Dungeon
  6849 | D:10     | Reached XP level 11. HP: 82/82 MP: 10/10
  6917 | D:10     | Received a gift from Trog
  7083 | D:10     | Noticed a two-headed ogre
  7090 | D:10     | Killed a two-headed ogre
  7090 | D:10     | Reached skill level 1 in Bows
  7090 | D:10     | Reached skill level 1 in Evocations
  7149 | D:10     | Killed an unseen horror
  7364 | D:10     | Got a faintly humming ring mail
  7571 | D:10     | Identified the cursed +0 ring mail of Kefoil {rN++ rCorr Str-5 Stlth+} (You took it off a kobold on level 10 of the Dungeon)
  7577 | D:10     | Found a staircase to the Lair.
  7673 | D:10     | Found Cipagh's Weapon Shoppe.
  7678 | D:10     | Bought a +2 war axe of electrocution for 310 gold pieces
  8043 | D:5      | Entered Level 5 of the Dungeon
  8130 | D:5      | Reached ***** piety under Trog
  8249 | D:5      | Noticed Ijyb
  8257 | D:5      | Killed Ijyb
  8426 | D:5      | Reached skill level 5 in Fighting
  8531 | D:5      | Found a stormy altar of Qazlal.
  8603 | D:5      | Noticed Edmund
  8611 | D:5      | Killed Edmund
  9156 | D:11     | Found a labyrinth entrance.
  9178 | D:11     | Noticed a purple ugly thing
  9181 | D:11     | Noticed a four-headed hydra
  9187 | D:11     | Killed a purple ugly thing
  9195 | D:11     | Slain by a seven-headed hydra

Vault maps used:
D:1:      minmay_arrival_stair_chambers
D:2:      minitemple, first_bread, minmay_pentomino_t4, uniq_terence
D:3:      uniq_jessica
D:4:      minmay_temple_entry_trees, uniq_purgy, uniq_robin
D:5:      nicolae_qazlal_style_of_elements, uniq_edmund, uniq_ijyb
D:6:      lemuel_crystal_altar, basic_altar, serial_column_ruins,
          column_ruins_hut, column_ruins_hut, column_ruins_columns_dead_end,
          column_ruins_open_tiny, column_ruins_grid_2, column_ruins_open_tiny,
          nicolae_for_you_no_charge, uniq_duvessa, uniq_pikel, uniq_menkaure
D:8:      lemuel_coloured_pillars_altar, serial_shops, shop, serial_glass,
          glass_columns_a, glass_columns_c, glass_columns_b, glass_columns_b,
          glass_columns_a, glass_columns_a, minmay_strange_pillars,
          due_unseen_surprise
D:9:      tso_altar, blue_anna_alchemist, kennysheep_minor_cross, uniq_joseph,
          uniq_erolcha
D:10:     grunt_lair_entry_orc_guard_hut, serial_shops, kennysheep_mini_moat
D:11:     orc_0_dummy, lab_entry_generic
Temple:   lightli_temple_of_artemis

Skill      XL: |  1  2  3  4  5  6  7  8  9 10 11 |
---------------+----------------------------------+-----
Axes           | 4 5 6 7 9 10 12 13 14 | 14.0
Armour         | 3 4 5 7 10 14 | 14.7
Fighting       | 5 |  5.6
Bows           | 3 |  3.1
Evocations     | 2 |  2.6
Dodging        | 3 |  3.9

Action                   |  1- 3 |  4- 6 |  7- 9 | 10-12 || total
-------------------------+-------+-------+-------+-------++-------
Melee: Hand axe          |    95 |   128 |   281 |   419 ||   923
       Headbutt          |    11 |    21 |    66 |    91 ||   189
       War axe           |       |       |       |    71 ||    71
Invok: Berserk           |     1 |     1 |     4 |     4 ||    10
       Trog's Hand       |       |     1 |     4 |     4 ||     9
       Burn Spellbooks   |       |       |       |     2 ||     2
Evoke: Wand              |       |       |     1 |     3 ||     4
  Use: Scroll            |       |     1 |     7 |     1 ||     9
       Potion            |       |       |     6 |       ||     6
 Stab: Distracted        |       |       |       |     1 ||     1
       Sleeping          |       |       |       |     1 ||     1
  Eat: Chunk             |     1 |     5 |    14 |    14 ||    34
       Fruit             |       |       |     1 |     2 ||     3
       Royal jelly       |       |       |       |     1 ||     1
Armor: Animal skin       |    15 |       |       |       ||    15
       Robe              |    14 |       |       |       ||    14
       Chain mail        |       |    70 |   122 |   211 ||   403
       Ring mail         |       |       |       |    27 ||    27
Dodge: Dodged            |    47 |    40 |    82 |   170 ||   339

Table legend:
 A = Spawn XP
 B = Non-spawn XP
 C = Spawn XP percentage of total XP
 D = Spawn monster count
 E = Non-spawn monster count
 F = Spawn count percentage of total count
 G = Total turns spent on level
                    A         B        C        D         E        F      G
               +---------+---------+-------+---------+---------+-------+---------
         Total |       0 |   17228 |   0.0 |       0 |     270 |   0.0 |  9195
               +---------+---------+-------+---------+---------+-------+---------
           D:1 |       0 |      41 |   0.0 |       0 |      22 |   0.0 |   632
           D:2 |       0 |      85 |   0.0 |       0 |      14 |   0.0 |   747
           D:3 |       0 |     168 |   0.0 |       0 |      33 |   0.0 |   644
           D:4 |       0 |     602 |   0.0 |       0 |      23 |   0.0 |  1029
           D:5 |       0 |     721 |   0.0 |       0 |      16 |   0.0 |   586
           D:6 |       0 |    1659 |   0.0 |       0 |      32 |   0.0 |  1009
           D:7 |       0 |     602 |   0.0 |       0 |      14 |   0.0 |  1041
           D:8 |       0 |    3576 |   0.0 |       0 |      40 |   0.0 |  1284
           D:9 |       0 |    4232 |   0.0 |       0 |      26 |   0.0 |   848
          D:10 |       0 |    4138 |   0.0 |       0 |      32 |   0.0 |  1166
          D:11 |       0 |    1404 |   0.0 |       0 |      18 |   0.0 |   103
               +---------+---------+-------+---------+---------+-------+---------
